 Dungeon Crawl Stone Soup version 0.30.1-11-g7821555f0a (webtiles) character file.

Game seed: 16053539505549969485

195570 Wiggles the Executioner (level 17, 0/253 HPs)
             Began as a Minotaur Berserker on Oct 31, 2023.
             Was the Champion of Trog.
             Slain by a swamp dragon (2 damage)
             ... on level 3 of the Swamp on Nov 1, 2023.
             The game lasted 00:55:16 (31913 turns).

Wiggles the Executioner (Minotaur Berserker)       Turns: 31913, Time: 00:55:17

Health: 0/253      AC: 24    Str: 34    XL:     17   Next: 71%
Magic:  0/16       EV:  2    Int:  4    God:    Trog [******]
Gold:   1820       SH:  0    Dex: 12    Spells: 16/16 levels left

rFire   . . .        X - +5 executioner's axe (heavy)
rCold   . . .        (shield currently unavailable)
rNeg    . . .        x - melded +10 plate armour {ponderous}
rPois   +            R - melded +0 hat of Bequeathed Salvation {Str+6}
rElec   .            Q - melded +1 cloak of the Nightingale {rPois rC+}
rCorr   .            g - melded +0 pair of gloves of Petigra {rPois Dex+2}
SInv    .            j - melded +2 pair of boots
Will    +....        f - amulet of guardian spirit
Stlth   ++           b - +4 ring of protection
HPRegen 0.62/turn    u - +6 ring of strength
MPRegen 0.15/turn

%: guardian spirit
@: tree-form, marked, corroded, on berserk cooldown, slowed, studying Armour,
very slow
A: stationary, stasis, torment immunity, boosted hp, (horns 2), (retaliatory
headbutt)
}: 1/15 runes: gossamer
a: Renounce Religion, Berserk, Trog's Hand, Brothers in Arms


You were on level 3 of the Swamp.
You worshipped Trog.
Trog was exalted by your worship.
You were a tree.
You visited 6 branches of the dungeon, and saw 30 of its levels.
You also visited: Trove and Bailey.

You collected 3500 gold pieces.
You spent 1680 gold pieces at shops.

Inventory:

Hand Weapons
 q - a +8 antimagic executioner's axe
 H - a +4 battleaxe
 X - a +5 heavy executioner's axe (weapon)
Missiles
 V - a throwing net (quivered)
Armour
 a - a +4 chain mail of positive energy
 g - the +0 pair of gloves of Petigra (melded) {rPois Dex+2}
   (You found it in a treasure trove)

   Dex:       It affects your dexterity (+2).
   rPois:     It protects you from poison.
 j - a +2 pair of boots (melded)
 x - a +10 plate armour of ponderousness (melded)
 P - the scarf of the Furies {repulsion, rElec Str+6}
   (You found it in a treasure trove)

   Str:       It affects your strength (+6).
   rElec:     It insulates you from electricity.
 Q - the +1 cloak of the Nightingale (melded) {rPois rC+}
   (You found it in a treasure trove)

   rC:        It protects you from cold.
   rPois:     It protects you from poison.
 R - the +0 hat of Bequeathed Salvation (melded) {Str+6}
   (You found it in a treasure trove)

   Str:       It affects your strength (+6).
Jewellery
 b - a +4 ring of protection (left branch)
 f - an amulet of guardian spirit (around neck)
 l - an amulet of the acrobat
 u - a +6 ring of strength (right branch)
 C - a ring of resist corrosion
 I - the amulet "Upsei" {Faith rC+}
   (You found it on level 1 of the Lair of Beasts)

   [amulet of faith]

   It allows you to gain divine favour quickly.
   rC:        It protects you from cold.
 K - the ring "Dice" {rF+ rN+ Will- MP+9 Int+6}
   (You found it on level 3 of the Lair of Beasts)

   [ring of magical power]

   Int:       It affects your intelligence (+6).
   rF:        It protects you from fire.
   rN:        It protects you from negative energy.
   MP:        It affects your magic capacity (+9).
   Will:      It decreases your willpower.
 N - a ring of positive energy
 S - a ring of flight
 T - an amulet of reflection
Wands
 k - a wand of quicksilver (38)
 p - a wand of roots (22)
 y - a wand of flame (49)
 D - a wand of polymorph (3)
 F - a wand of mindburst (22)
 O - a wand of paralysis (15)
Scrolls
 e - 3 scrolls of magic mapping
 m - a scroll of enchant armour
 n - a scroll of butterflies
 r - 3 scrolls of silence
 s - 12 scrolls of teleportation
 w - 4 scrolls of fog
 z - a scroll of fear
 J - 18 scrolls of identify
 U - 3 scrolls of poison
Potions
 c - 10 potions of curing
 d - 10 potions of might
 h - 9 potions of mutation
 i - 3 potions of haste
 o - 4 potions of flight
 t - 3 potions of resistance
 v - 5 potions of lignification
 A - 2 potions of magic
 B - 5 potions of invisibility
 E - a potion of berserk rage
 L - 5 potions of ambrosia
 M - 5 potions of cancellation


   Skills:
 + Level 19.7 Fighting
 + Level 26.5 Axes
 + Level 19.2 Armour
 + Level 8.1 Dodging
 + Level 3.0 Stealth
 + Level 0.9 Evocations


You had 16 spell levels left.
You didn't know any spells.
Your spell library was empty.

Dungeon Overview and Level Annotations

Branches:
Dungeon (15/15)            Temple (1/1) D:4            Lair (5/5) D:10
  Swamp (3/4) Lair:3       Spider (4/4) Lair:2        Slime (0/5) Lair:4
    Orc (2/2) D:10            Elf (0/3) Orc:2        Vaults (0/5) D:14
 Depths (0/4) D:15         Bailey (visited)

Altars:
Cheibriados
Trog
Vehumet
Xom

Shops:
D:2 *   D:9 :   D:10 [   D:13 *   Orc:2 [:[(*


Innate Abilities, Weirdness & Mutations

You are a tree.
Your roots penetrate the ground, keeping you stationary.
You cannot be teleported.
You are immune to unholy pain and torment.
Your maximum health is greatly increased.
Your equipment is partially melded.
((You have a pair of horns on your head.))
((You reflexively headbutt those who attack you in melee.))


Message History

* * * LOW HITPOINT WARNING * * *
The swamp dragon bites you!
* * * LOW HITPOINT WARNING * * *
The swamp dragon closely misses you. The swamp dragon barely misses you.
Really quaff the potion of lignification? [Y]es or [N]o only, please.
Really quaff the potion of lignification?
You turn into a tree.
The +1 cloak of the Nightingale {rPois rC+} melds into your body.
The +0 hat of Bequeathed Salvation {Str+6} melds into your body.
The +0 pair of gloves of Petigra {rPois Dex+2} melds into your body.
Your +2 pair of boots melds into your body.
Your +10 plate armour of ponderousness melds into your body.
That put a bit of spring back into your step.
Your roots penetrate the ground.
The spriggan rider hits you but does no damage.
The swamp dragon bites you but does no damage.
The swamp dragon claws you but does no damage.
The swamp dragon barely misses you.
The spriggan rider hits you but does no damage.
You hit the swamp dragon but do no damage.
The swamp dragon is severely wounded.
You chop the bunyip into pieces!!!
You open the bunyip like a pillowcase!!!
The swamp dragon bites you but does no damage.
The swamp dragon claws you but does no damage.
The swamp dragon tramples you but does no damage.
The bunyip claws you.
* * * LOW HITPOINT WARNING * * *
The bunyip claws you but does no damage. x3
The bunyip claws you!
* * * LOW HITPOINT WARNING * * *
The bunyip claws you but does no damage.
The spriggan rider hits you from afar with a +0 spear!
* * * LOW HITPOINT WARNING * * *
The swamp dragon bites you!
* * * LOW HITPOINT WARNING * * *
The swamp dragon claws you but does no damage.
The swamp dragon tramples you.
You die...

♣♣♣ ♣≈≈♣
♣♣♣♣♣♣≈≈≈
♣...♣≈≈≈≈ ♣~~~~♣
♣♣x~.♣♣♣
♣Dx.~~~♣~
♣wi~~~~..♣
~~~~.°ww~~~~~~.♣
~~~~~.n†§~...~♣~
§~~~w~~~..♣?>.~§
w~§~§~§~...§~~~~
~~~~~~~~.♣~~~~~~
~~~~~~~~~.~§~~~~


You could see a ghoul, 2 bunyips, a swamp dragon, 2 tyrant leeches, a spriggan
rider and a swamp worm.

Vanquished Creatures
  Mara (Spider:4)
  A tentacled monstrosity (Swamp:1)
  Rupert (D:13)
  Agnes (D:15)
  Kirke (Spider:1)
  6 emperor scorpions (Spider:4)
  6 ghost moths
  A frost giant (D:13)
  4 broodmothers
  Nessos (D:13)
  Azrael (Spider:1)
  A dire elephant (D:15)
  An eleionoma (Swamp:1)
  A spark wasp (Spider:3)
  3 bunyips
  Snorg (Orc:2)
  2 entropy weavers
  The ghost of GreenGuy14 the Cleaver, a journeyman MiFi of Zin (D:12)
  5 vault guards (D:14)
  An ogre mage (D:14)
  A radroach (Spider:2)
  2 hydras
  4 centaur warriors
  A merfolk avatar (Lair:5)
  A jorogumo (Spider:4)
  A two-headed ogre (Orc:1)
  2 catoblepae
  A ghost crab (Swamp:3)
  A death yak (Lair:2)
  9 boulder beetles
  2 alligators
  4 tengu warriors
  6 skeletal warriors (D:15)
  3 skysharks (Lair:5)
  9 pharaoh ants
  2 sun moths
  A sea snake (Lair:5)
  8 goliath frogs
  Pikel (D:9)
  5 orb spiders
  2 bog bodies
  3 swamp dragons
  4 steelbarb worms
  2 orc knights
  3 harpies (Lair:5)
  2 orc sorcerers
  2 will-o-the-wisps (Swamp:2)
  3 deep elf pyromancers
  4 manticores
  11 cyclopes
  18 wolf spiders
  4 moths of wrath
  A salamander (D:15)
  3 black mambas
  25 ugly things
  24 elephants
  8 torpor snails
  18 cane toads
  3 demonic crawlers
  2 gargoyles
  4 rime drakes
  4 kobold demonologists
  4 komodo dragons
  2 yaktaurs (D:14)
  An unseen horror (D:8)
  2 tengu conjurers
  5 trolls
  5 polar bears
  5 tyrant leeches
  21 tarantellas
  10 hornets
  Grinder (D:5)
  13 dream sheep (Lair:5)
  15 blink frogs
  A snapping turtle (Lair:5)
  20 jumping spiders
  3 slime creatures
  5 spriggans
  2 wraiths
  20 culicivoras
  A water elemental (D:12)
  A yak (shapeshifter) (D:14)
  A fire elemental (Spider:1)
  A human (D:14)
  11 basilisks
  2 hogs (Spider:1)
  3 wyverns
  63 yaks
  49 redbacks
  17 vampire mosquitoes
  4 steam dragons
  7 wargs
  An acid dragon (D:9)
  9 swamp worms
  5 hell hounds (Spider:1)
  6 water moccasins
  2 black bears
  3 swamp drakes
  38 orc warriors
  3 sky beasts (D:7)
  7 ogres
  17 centaurs
  11 wolves
  2 lemures (D:9)
  A phantom (D:5)
  12 kobold brigands
  6 bullfrogs
  2 gnoll sergeants
  11 wights
  8 electric eels
  7 howler monkeys
  6 crimson imps (D:7)
  A hound (D:5)
  A jelly (D:7)
  14 orc priests
  2 sleepcaps
  A gnoll bouda (D:7)
  2 iguanas (D:5)
  25 orc wizards
  9 gnolls
  4 adders
  2 shadow imps
  3 white imps
  A worm (D:3)
  2 dart slugs (D:4)
  92 orcs
  3 ball pythons
  5 bats
  10 endoplasms
  3 giant cockroaches
  10 goblins
  10 hobgoblins
  5 jackals
  3 quokkas
  7 frilled lizards
  29 kobolds
  5 rats
955 creatures vanquished.

Vanquished Creatures (collateral kills)
  Saint Roka (Orc:2)
  4 death yaks (Lair:2)
  A skeletal warrior (D:15)
  An elephant (Lair:5)
  A komodo dragon (Lair:2)
  A blink frog (Lair:5)
  A jumping spider (Spider:4)
  A hog (Spider:1)
  A redback (Spider:4)
  5 orc warriors (Orc:2)
  A centaur (D:10)
  3 orc priests (Orc:2)
  An orc wizard (D:10)
  16 orcs
38 creatures vanquished.

Vanquished Creatures (others)
  A death knight (D:13)
  A goliath frog (Swamp:3)
  A wolf spider (Spider:2)
  2 deep elf pyromancers (D:13)
  2 ugly things (D:13)
  2 bloated husks (Swamp:1)
  A swamp drake (Swamp:3)
  A howler monkey (D:13)
  2 orc wizards
  A gnoll (D:7)
  2 orcs (Orc:2)
  2 foxfires (Swamp:2)
18 creatures vanquished.

Grand Total: 1011 creatures vanquished

Notes
Turn   | Place    | Note
-------+----------+-------------------------------------------
     0 | D:1      | Wiggles the Minotaur Berserker began the quest for the Orb.
     0 | D:1      | Reached XP level 1. HP: 19/19 MP: 0/0
    92 | D:1      | Reached XP level 2. HP: 24/27 MP: 1/1
   103 | D:1      | Reached skill level 4 in Axes
   345 | D:1      | Reached ** piety under Trog
   393 | D:1      | Reached XP level 3. HP: 33/33 MP: 2/2
   508 | D:1      | Found a faded altar of an unknown god.
   948 | D:2      | Found Burghonu's Assorted Antiques.
  1776 | D:3      | Noticed an ogre
  1784 | D:3      | Killed an ogre
  1785 | D:3      | Reached skill level 5 in Axes
  1785 | D:3      | Reached XP level 4. HP: 41/41 MP: 3/3
  1785 | D:3      | Reached XP level 5. HP: 47/47 MP: 4/4
  1818 | D:3      | Identified the +0 ring mail "Ysaelon" {Fly rC- Str+3}
  2230 | D:4      | Found a staircase to the Ecumenical Temple.
  2682 | Temple   | Entered the Ecumenical Temple
  2698 | D:5      | Entered Level 5 of the Dungeon
  2711 | D:5      | Noticed Grinder
  2725 | D:5      | Killed Grinder
  2726 | D:5      | Reached skill level 5 in Fighting
  2726 | D:5      | Reached skill level 6 in Axes
  2726 | D:5      | Reached XP level 6. HP: 56/56 MP: 5/5
  3020 | D:5      | Reached XP level 7. HP: 57/61 MP: 6/6
  3123 | D:5      | Noticed a steam dragon
  3128 | D:5      | Reached *** piety under Trog
  3129 | D:5      | Reached skill level 7 in Axes
  3136 | D:5      | Killed a steam dragon
  3137 | D:5      | Reached skill level 5 in Armour
  3684 | D:6      | Reached skill level 8 in Axes
  3886 | D:6      | Reached XP level 8. HP: 69/69 MP: 7/7
  4042 | D:6      | Reached skill level 1 in Stealth
  4211 | D:7      | Reached skill level 9 in Axes
  4211 | D:7      | Reached skill level 5 in Dodging
  4525 | D:7      | Identified the +1 leather armour of Distant Worlds {Harm}
  4758 | D:7      | Reached skill level 10 in Axes
  4758 | D:7      | Reached XP level 9. HP: 78/78 MP: 8/8
  5672 | D:8      | Reached skill level 11 in Axes
  6020 | D:8      | Killed an unseen horror
  6128 | D:8      | Identified the +6 glaive of Ponkethi {heavy, rF+ rCorr}
  6281 | D:9      | Reached XP level 10. HP: 75/90 MP: 6/9
  6300 | D:9      | Reached skill level 12 in Axes
  6397 | D:9      | Noticed Pikel
  6410 | D:9      | Killed Pikel
  6473 | D:9      | Reached **** piety under Trog
  6720 | D:9      | Found Vetoon's Book Shoppe.
  7077 | D:9      | Reached skill level 13 in Axes
  7426 | D:10     | Entered Level 10 of the Dungeon
  7450 | D:10     | Found Uguvvuakk's Antique Armour Emporium.
  7452 | D:10     | Found a snail-covered altar of Cheibriados.
  7500 | D:10     | Found a flagged portal.
  7572 | Bailey   | Entered a bailey
  7592 | Bailey   | Reached ***** piety under Trog
  7670 | Bailey   | Found the -2 hat of the Alchemist {rElec rPois rF+ rC+ rN+
                  | Will+ rMut rCorr}
  7735 | Bailey   | Found a burning altar of Makhleb.
  7857 | D:10     | Reached skill level 14 in Axes
  7886 | D:10     | Found a staircase to the Orcish Mines.
  7932 | D:10     | Found a radiant altar of Vehumet.
  8102 | D:10     | Reached XP level 11. HP: 99/99 MP: 10/10
  8150 | D:10     | Received a gift from Trog
  8230 | D:10     | Reached skill level 10 in Fighting
  8238 | D:10     | Found a staircase to the Lair.
  8463 | D:10     | Reached skill level 15 in Axes
  8721 | Lair:1   | Entered Level 1 of the Lair of Beasts
  8961 | Lair:1   | Reached skill level 10 in Armour
  9090 | Lair:1   | Reached skill level 16 in Axes
  9727 | Lair:1   | Identified the amulet "Upsei" {Faith rC+}
  9805 | Lair:1   | Reached skill level 17 in Axes
  9805 | Lair:1   | Reached XP level 12. HP: 110/110 MP: 3/11
 10587 | Lair:2   | Noticed a death yak
 10588 | Lair:2   | Noticed a death yak
 10592 | Lair:2   | Noticed a death yak
 10595 | Lair:2   | Noticed a death yak
 10596 | Lair:2   | Noticed a death yak
 10598 | Lair:2   | Killed a death yak
 10600 | Lair:2   | Killed a death yak
 10602 | Lair:2   | Killed a death yak
 10604 | Lair:2   | Killed a death yak
 10605 | Lair:2   | Reached skill level 18 in Axes
 10606 | Lair:2   | Killed a death yak
 10636 | Lair:2   | Found a hole to the Spider Nest.
 11102 | Lair:3   | Received a gift from Trog
 11140 | Lair:3   | Identified the +4 whip of Rotation {pain, rElec Dex+2}
 11167 | Lair:3   | Identified the ring "Dice" {rF+ rN+ Will- MP+9 Int+6}
 11185 | Lair:3   | Found a staircase to the Swamp.
 11371 | Lair:3   | Reached skill level 19 in Axes
 11978 | Lair:4   | Reached XP level 13. HP: 93/119 MP: 2/12
 12415 | Lair:4   | Found a staircase to the Slime Pits.
 12908 | Lair:5   | Entered Level 5 of the Lair of Beasts
 12982 | Lair:5   | Reached skill level 20 in Axes
 14531 | Lair:5   | Reached skill level 21 in Axes
 14538 | Lair:5   | Reached XP level 14. HP: 68/132 MP: 2/13
 15459 | Lair:5   | Identified the +0 ring mail of Pigianae {rF+ rCorr SInv}
 15460 | Lair:5   | Identified the +5 trident of the Riding Owl {freeze, Str+3}
 15750 | D:11     | Reached ****** piety under Trog
 15750 | D:11     | Received a gift from Trog
 16174 | D:11     | Found a portal to a secret trove of treasure.
 16457 | D:2      | Bought the +8 Wrath of Trog {antimagic, *Rage Rampage} for
                  | 1680 gold pieces
 16457 | D:2      | Found the +8 Wrath of Trog {antimagic, *Rage Rampage}
 16708 | D:11     | You paid a toll of the Wrath of Trog to enter a treasure
                  | trove
 16709 | Trove    | Entered a treasure trove
 16711 | Trove    | Found the +18 Lear's hauberk
 16714 | Trove    | Identified the +0 leather armour "Illik" {-Tele rElec
                  | Regen+}
 16717 | Trove    | Identified the +0 plate armour of Broken Taboos {Rampage
                  | rPois}
 16720 | Trove    | Identified the scarf of the Furies {repulsion, rElec Str+6}
 16722 | Trove    | Identified the -1 buckler of Imyu {+Inv rPois Int+3 Dex-5}
 16723 | Trove    | Identified the +1 cloak of the Nightingale {rPois rC+}
 16725 | Trove    | Identified the +0 hat of Bequeathed Salvation {Str+6}
 16727 | Trove    | Identified the +0 pair of gloves of Petigra {rPois Dex+2}
 16729 | Trove    | Identified the +1 robe of Temperance {Will+}
 16730 | Trove    | Identified the scarf "Lefogeyg" {rC+ rF+, Fly Dex+6}
 16732 | Trove    | Identified the +0 hat of Eluecotwe {Rampage rC+ Str-5}
 17276 | D:12     | Noticed GreenGuy14's ghost (journeyman MiFi)
 17297 | D:12     | Found a runed translucent gate.
 17297 | D:12     | Found a runed translucent gate.
 17297 | D:12     | Found a runed translucent gate.
 17317 | D:12     | Killed GreenGuy14's ghost
 17332 | D:12     | Reached skill level 22 in Axes
 17782 | D:12     | Identified the +5 kite shield of Lifelessness {Harm SInv}
 17999 | D:13     | Noticed Nessos
 18008 | D:13     | Killed Nessos
 18131 | D:13     | Found Viheustri's Assorted Antiques.
 18225 | D:13     | Found a shimmering altar of Xom.
 18408 | D:13     | Reached skill level 15 in Fighting
 18510 | D:13     | Noticed Rupert
 18519 | D:13     | Killed Rupert
 18782 | D:13     | Noticed a frost giant
 18787 | D:13     | Killed a frost giant
 18921 | D:13     | Identified the +1 pair of boots of the Locust {Harm Str+3}
 19299 | D:14     | Reached XP level 15. HP: 134/141 MP: 4/14
 19337 | D:14     | Reached skill level 23 in Axes
 19765 | D:14     | Found a bloodstained altar of Trog.
 20139 | D:14     | Paralysed by an orc sorcerer for 2 turns
 20171 | D:14     | Found a gate to the Vaults.
 20447 | D:15     | Entered Level 15 of the Dungeon
 20958 | D:15     | Found a staircase to the Depths.
 21192 | D:15     | Noticed Agnes
 21200 | D:15     | Killed Agnes
 21213 | D:15     | Received a gift from Trog
 21217 | D:15     | Reached skill level 24 in Axes
 22067 | Orc:1    | Entered Level 1 of the Orcish Mines
 22204 | Orc:2    | Entered Level 2 of the Orcish Mines
 22204 | Orc:2    | Noticed Snorg
 22212 | Orc:2    | Killed Snorg
 22534 | Orc:2    | Found Jaeczaf's Book Shoppe.
 22585 | Orc:2    | Found a staircase to the Elven Halls.
 22709 | Orc:2    | Found Kudawod's General Store.
 22723 | Orc:2    | Reached skill level 15 in Armour
 22967 | Orc:2    | Received a gift from Trog
 23169 | Orc:2    | Noticed Saint Roka
 23181 | Orc:2    | Found Xyodokae's Antique Weapon Shop.
 23189 | Orc:2    | Killed Saint Roka
 23191 | Orc:2    | HP: 5/145 [orc warrior/+2 morningstar of holy wrath (11)]
 23501 | Orc:2    | Found Yculytug's Antique Armour Boutique.
 23580 | Orc:2    | Found Gaot's Armour Shoppe.
 23754 | Spider:1 | Entered Level 1 of the Spider Nest
 23803 | Spider:1 | Noticed Kirke
 23814 | Spider:1 | Killed Kirke
 23815 | Spider:1 | Reached XP level 16. HP: 155/155 MP: 3/15
 24152 | Spider:1 | Noticed Azrael
 24161 | Spider:1 | Killed Azrael
 25116 | Spider:1 | Identified a scroll of acquirement
 25116 | Spider:1 | Acquired a manual of Armour
 25153 | Spider:2 | Received a gift from Trog
 25495 | Spider:2 | Reached skill level 25 in Axes
 25611 | Spider:2 | You fall into a shaft and drop 1 floor!
 26616 | Spider:2 | Received a gift from Trog
 27411 | Spider:3 | Found the +16 obsidian axe {drain, demonic, Mesm Drain Fly
                  | SInv}
 27745 | Spider:4 | Entered Level 4 of the Spider Nest
 28253 | Spider:4 | Reached XP level 17. HP: 166/166 MP: 16/16
 28312 | Spider:4 | Noticed Mara
 28345 | Spider:4 | Killed Mara
 28790 | Spider:4 | Received a gift from Trog
 29125 | Spider:4 | Reached skill level 26 in Axes
 29550 | Spider:4 | Paralysed by a hornet for 2 turns
 29843 | Spider:4 | Identified the -1 pair of boots "Tatz" {*Corrode rElec
                  | Will+++ Stlth-}
 29867 | Spider:4 | Got a gossamer rune of Zot
 30079 | Swamp:1  | Entered Level 1 of the Swamp
 30196 | Swamp:1  | Identified the +0 plate armour of the Guild-Master {Int+5
                  | Dex+3}
 30937 | Swamp:1  | Noticed a tentacled monstrosity
 30954 | Swamp:1  | Killed a tentacled monstrosity
 31913 | Swamp:3  | HP: 2/253 [swamp dragon (12)]
 31913 | Swamp:3  | Slain by a swamp dragon

Illustrated notes

Levels and vault maps discovered:
D:1:      co_arrival_random_square_maze, layout_loops_ring,
          shapermc_ecumenical_altar_petra
D:2:      layout_loops_corners, serial_shops, nicolae_shop_pleasant_corner_grove
D:3:      layout_basic
D:4:      layout_basic, minmay_temple_entry_arrows
D:5:      layout_cave_pods, uniq_grinder
D:6:      layout_basic
D:7:      layout_basic, minmay_nine_imps
D:8:      layout_cave_pods
D:9:      layout_stronghold, serial_shops, nicolae_shop_just_a_little_nook,
          uniq_pikel
D:10:     layout_irregular_city, jmf_multi_god_temple,
          erik_lair_orcish_takeover, hiddenorc2_lemuel, serial_shops, shop,
          enter_bailey_4
D:11:     layout_cave_pools, nicolae_trove_entry_diagonal
D:12:     layout_basic, gammafunk_ghost_split, hangedman_abyss_or_decor_passed,
          chequers_serial_rivers_room_a, minmay_misc_feat_plants,
          grunt_decor_mini_mirrors, drop_trap
D:13:     kennysheep_scales, layout_loops_ring, serial_shops, shop,
          xom_confusion_cloud, uniq_rupert, uniq_nessos
D:14:     layout_basic, grunt_vaults_entry_fortified, bloody_trog
D:15:     hangedman_depths_entry_try_elsewhere_first, layout_basic, uniq_agnes
Temple:   mainiacjoe_temple_big_plus
Lair:1:   layout_cave_shapes, minivault_11, grunt_forest_large_clearing_hut,
          grunt_megastairs_2
Lair:2:   layout_regular_city, spider_nest_entry_a
Lair:3:   layout_regular_city, swamp_mist, st_stairs_12,
          grunt_forest_large_clearings, lemuel_fruit_tree, grunt_megastairs_3
Lair:4:   layout_gridlike, slime_entry_1, infiniplex_staircase_pool
Lair:5:   gammafunk_lair_ancient_temple, layout_cave_pods, serial_forest,
          infiniplex_forest_clump_small, infiniplex_forest_clump_tiny,
          infiniplex_forest_lined_2, infiniplex_forest_end_1,
          infiniplex_forest_lined_1
Swamp:1:  cheibrodos_swamp_monstrosity, layout_falls_marsh,
          evilmike_swamp_ruin_house_4, nicolae_swamp_treefoil
Swamp:2:  layout_basic_swamp, evilmike_swamp_ruin_house_2, swamp_pool4
Swamp:3:  layout_basic_swamp, nicolae_swamp_oxbows, swamp_pool5, uniq_louise
Spider:1: layout_chambers, uniq_kirke, uniq_azrael
Spider:2: layout_spider_delve, drop_trap
Spider:3: layout_spider_delve, nicolae_spider_rock_and_or_roll
Spider:4: spider_rune_water, uniq_mara
Orc:1:    layout_caves
Orc:2:    grunt_orc_community_town_hall, layout_diamond_mine,
          grunt_orc_community_big_house_1, grunt_orc_community_big_house_1,
          grunt_orc_community_house_3, grunt_orc_community_house_2,
          grunt_orc_community_house_1, grunt_orc_community_house_3,
          grunt_orc_community_house_3, grunt_orc_community_house_1,
          serial_shops, nicolae_shop_waterfront, uniq_snorg

Skill      XL: |  1  2  3  4  5  6  7  8  9 10 11 12 13 14 15 16 17 |
---------------+----------------------------------------------------+-----
Axes           | 4 5 6 8 10 11 14 17 19 21 22 24 25 26 | 26.5
Fighting       | 4 5 6 8 9 11 12 14 15 17 18 19 | 19.7
Armour         | 3 4 5 6 8 9 10 11 12 14 15 17 19 | 19.2
Dodging        | 3 4 5 6 7 8 |  8.1
Stealth        | 1 2 3 |  3.0
Evocations     | |  0.9

Action                     |  1- 3 |  4- 6 |  7- 9 | 10-12 | 13-15 | 16-18 || total
---------------------------+-------+-------+-------+-------+-------+-------++-------
  Melee: Hand axe          |    89 |    86 |   128 |       |       |       ||   303
         Headbutt          |    10 |    15 |    41 |    95 |   165 |    79 ||   405
         Punch             |       |     2 |       |       |       |       ||     2
         Battleaxe         |       |       |    71 |   202 |       |       ||   273
         Executioner's axe |       |       |       |   235 |   778 |   436 ||  1449
 Invoke: Berserk           |     1 |     1 |     4 |       |     2 |     4 ||    12
         Brothers in Arms  |       |       |       |     2 |     4 |     3 ||     9
  Evoke: Wand              |       |       |       |       |       |    10 ||    10
    Use: Scroll            |       |       |    19 |     7 |     9 |     7 ||    42
         Potion            |       |       |       |       |     6 |     6 ||    12
   Stab: Distracted        |       |       |       |       |     2 |       ||     2
         Held in net/web   |       |       |       |       |       |     1 ||     1
 Armour: Animal skin       |     7 |       |       |       |       |       ||     7
         Leather armour    |    20 |       |       |       |       |       ||    20
         Ring mail         |     6 |    34 |    74 |       |       |       ||   114
         Chain mail        |     1 |     1 |    70 |   378 |   216 |       ||   666
         Plate armour      |       |       |       |       |   298 |   675 ||   973
         Skin              |       |       |       |       |       |    12 ||    12
  Dodge: Dodged            |    54 |    56 |   150 |   307 |   496 |   410 ||  1473
         Repelled          |       |       |       |       |     3 |     1 ||     4
